 Dungeon Crawl Stone Soup version 0.27-a0-1140-g099f9bb0e8 (webtiles) character file.

Game seed: 1249362270984698242

282 Anon1729 the Magician (level 6, 0/70 HPs)
             Began as a Djinni Wanderer on May 8, 2021.
             Splashed by a jelly's acid (2 damage)
             ... on level 5 of the Dungeon.
             The game lasted 00:09:06 (5339 turns).

Anon1729 the Magician (Djinni Wanderer)             Turns: 5339, Time: 00:09:07

Health: 0/70       AC: 19    Str: 10    XL:     6   Next: 28%
Gold:   128        EV:  2    Int: 17    God:
                   SH:  5    Dex: 12

rFire    . . .     SeeInvis .   a - +2 dagger
rCold    . . .     Faith    .   (no shield)
rNeg     + + +     Spirit   .   (armour currently unavailable)
rPois    ∞         Reflect  +   (helmet currently unavailable)
rElec    .         Harm     .   (cloak currently unavailable)
rCorr    .         Rampage  .   (gloves currently unavailable)
Will     .....     NoTele   +   (boots unavailable)
Stlth    ++........             f - amulet of reflection
HPRegen  0.21/turn              (no ring)
MPRegen  0.00/turn              (no ring)

@: tree-form, corroded, attractive
A: stationary, stasis, torment immunity, boosted hp, sickness immunity, (fire
resistance 2), (cold vulnerability 1), float, innate caster, hp casting, extra
vitality 1
a: no special abilities


You were on level 5 of the Dungeon.
You were a tree.
You visited 1 branch of the dungeon, and saw 5 of its levels.

You collected 128 gold pieces.

Inventory:

Hand Weapons
 a - a +2 dagger (weapon)
Missiles
 b - a curare-tipped dart
 q - 4 poisoned darts
Armour
 c - a +0 ring mail (melded)
 l - a +0 helmet (melded)
Magical Staves
 g - a staff of death
Jewellery
 f - an amulet of reflection (around neck)
 t - a ring of poison resistance
Scrolls
 h - a scroll of brand weapon {unknown}
 i - a scroll of noise {unknown}
 j - a scroll of holy word {unknown}
 m - a scroll of vulnerability {unknown}
 n - a scroll of immolation {unknown}
 p - 2 scrolls of identify {unknown}
 r - a scroll of acquirement {unknown}
 s - 3 scrolls of amnesia {unknown}
 v - a scroll of magic mapping {unknown}
Potions
 e - a potion of flight
 k - a potion of attraction
 o - a potion of magic


   Skills:
 + Level 4.1 Fighting
 - Level 1.7 Bows
 - Level 1.2 Throwing
 - Level 1.2 Stealth
 + Level 5.7 Spellcasting


You had 13 spell levels left.
You knew the following spells:

 Your Spells              Type           Power      Damage    Failure   Level
a - Sting                 Tmut/Pois      96%        1d7       1%          1
b - Poisonous Vapours     Pois/Air       48%        N/A       1%          2
Your spell library was empty.

Dungeon Overview and Level Annotations

Branches:
Dungeon (5/15)
 Temple: D:4-7

Altars:
Ashenzari
Elyvilon
Gozag


Innate Abilities, Weirdness & Mutations

You are a tree.
Your roots penetrate the ground, keeping you stationary.
You cannot be teleported.
You are immune to unholy pain and torment.
Your maximum health is greatly increased.
Your equipment is partially melded.
You are immune to sickness and miasma.
You are immune to poison.
((Your flesh is very heat resistant. (rF++)))
((You are vulnerable to cold. (rC-)))
You float through the air rather than walking.
You learn spells naturally, not from books.
Your magical power is your life essence.
You have superior vitality. (+4 HP)


Message History

Your roots penetrate the ground.
The jelly hits you but does no damage.
You aren't carrying any items that you can evoke.
Unknown command.
Unknown command.
Unknown command.
You hit the jelly.
Your branches burn!
* * * LOW HITPOINT WARNING * * *
The jelly is moderately wounded.
The jelly hits you but does no damage.
You completely miss the jelly.
The jelly is moderately wounded.
The jelly hits you but does no damage.
You hit the jelly. The acid corrodes you!
Your branches burn!
* * * LOW HITPOINT WARNING * * *
The jelly is moderately wounded.
The jelly looks more healthy.
The jelly hits you but does no damage.
Casting: Sting (safe; 1% risk of failure)
Confirm with . or Enter, or press ? or * to list all spells.
Aiming: Sting (safe; 1% risk of failure)
Press: ? - help, Shift-Dir - straight line, f/p - jelly
Aim: a jelly (moderately wounded, 100% to hit)
The sting hits the jelly.
The jelly partially resists.
The jelly is poisoned.
The jelly is heavily wounded.
* * * LOW HITPOINT WARNING * * *
You block the jelly's attack.
Casting: Sting (safe; 1% risk of failure)
Confirm with . or Enter, or press ? or * to list all spells.
Aiming: Sting (safe; 1% risk of failure)
Press: ? - help, Shift-Dir - straight line, f/p - jelly
Aim: a jelly (heavily wounded, poisoned, 100% to hit)
The sting hits the jelly.
The jelly partially resists.
The jelly is heavily wounded.
* * * LOW HITPOINT WARNING * * *
You block the jelly's attack.
You hit the jelly but do no damage.
Your branches burn!
* * * LOW HITPOINT WARNING * * *
The jelly is heavily wounded.
The jelly hits you but does no damage.
You hit the jelly but do no damage.
Your branches burn!
You die...

#.....(...J....#
##############.##
##...##
#.....#####
#..........
#.....####.
##.Z.## ##J## #♣#
#.# #.# #.# #..
###


You could see a jelly (poisoned) and a centaur zombie.

Vanquished Creatures
  A necrophage (D:4)
  A hound (D:5)
  An iguana (D:4)
  A hound skeleton (D:4)
  Robin (D:2)
  An adder (D:2)
  An ufetubus (D:4)
  3 worms
  A dart slug (D:1)
  3 ball pythons
  8 endoplasms
  4 giant cockroaches
  10 goblins
  15 hobgoblins
  4 jackals (D:2)
  3 quokkas
  8 bats
  10 frilled lizards
  6 kobolds
  7 rats
89 creatures vanquished.

Notes
Turn   | Place    | Note
-------+----------+-------------------------------------------
     0 | D:1      | Anon1729 the Djinni Wanderer began the quest for the Orb.
     0 | D:1      | Reached XP level 1. HP: 17/17 MP: 0/0
   310 | D:1      | Reached XP level 2. HP: 22/22 MP: 0/0
   871 | D:1      | Reached XP level 3. HP: 24/28 MP: 0/0
   871 | D:1      | Learned a level 1 spell: Sting
  1604 | D:2      | Found an opulent altar of Gozag.
  1894 | D:2      | Noticed Robin
  1907 | D:2      | Reached XP level 4. HP: 23/34 MP: 0/0
  2072 | D:1      | Reached skill level 5 in Spellcasting
  2272 | D:2      | Killed Robin
  2755 | D:2      | Found a broken altar of Ashenzari.
  3021 | D:3      | Found a white marble altar of Elyvilon.
  3825 | D:4      | Noticed a necrophage
  3849 | D:4      | Killed a necrophage
  3850 | D:4      | Reached XP level 5. HP: 24/40 MP: 0/0
  3850 | D:4      | Learned a level 2 spell: Poisonous Vapours
  4097 | D:4      | Reached XP level 6. HP: 43/47 MP: 0/0
  5279 | D:5      | Entered Level 5 of the Dungeon
  5338 | D:5      | HP: 2/70 [acid (3)]
  5339 | D:5      | Splashed by a jelly's acid

Illustrated notes

Levels and vault maps discovered:
D:1:      lightli_arrival_lavapool, layout_basic, minmay_pentomino_o4
D:2:      layout_loops_cross, basic_altar, kennysheep_flooded_box,
          minmay_lizard_pond, uniq_robin
D:3:      layout_loops_ring, old_standard_altar
D:4:      layout_rooms, amcnicky_altar_gilded, serial_forest,
          infiniplex_forest_clump_small, infiniplex_forest_lined_4_way,
          infiniplex_forest_end_2, infiniplex_forest_end_2,
          infiniplex_forest_clump_double, infiniplex_forest_corner_2,
          infiniplex_forest_clump_C, hangedman_decor_diamond_cutter,
          dk_noncrumbling_3
D:5:      layout_loops_ring, uniq_sigmund

Skill      XL: |  1  2  3  4  5  6 |
---------------+-------------------+-----
Fighting       | 2 3 4 |  4.1
Spellcasting   | 5 |  5.7
Bows           | |  1.7
Throwing       | |  1.2
Stealth        | |  1.2

Action                   |  1- 3 |  4- 6 || total
-------------------------+-------+-------++-------
Melee: Dagger            |    94 |    73 ||   167
Throw: Dart              |     1 |     1 ||     2
 Cast: Sting             |    31 |    98 ||   129
       Poisonous Vapours |       |     1 ||     1
  Use: Potion            |       |     5 ||     5
Armor: Ring mail         |    52 |    50 ||   102
       Skin              |       |     5 ||     5
Dodge: Dodged            |    56 |    70 ||   126
Block: Other             |    20 |    46 ||    66
       Reflection        |     1 |     1 ||     2

Table legend: (Time is in decaauts)
 A = Elapsed time spent in this place.
 B = Non-inter-level travel time spent in this place.
 C = Inter-level travel time spent in this place.
 D = Time resting spent in this place.
 E = Time spent auto-exploring this place.
 F = Levels seen in this place.
 G = Mean time per level.
                   A        B        C        D        E       F      G
               +--------+--------+--------+--------+--------+-----+--------+
         Total |   5349 |   5078 |    271 |   1276 |   2974 |   5 | 1069.8 |
       Dungeon |   5349 |   5078 |    271 |   1276 |   2974 |   5 | 1069.8 |
               +--------+--------+--------+--------+--------+-----+--------+

Top non-repeatable levels by time:
     D:3: 1719 daAuts
     D:2: 1637 daAuts
     D:1: 1579 daAuts
     D:4: 354 daAuts
     D:5: 59 daAuts
